 Dungeon Crawl Stone Soup version 0.27.1-35-g4d5d836560 (webtiles) character file.

Game seed: 6117047839537478763

604 CrazyMind the Sneak (level 7, -1/42 HPs)
             Began as an Octopode Earth Elementalist on June 27, 2022.
             Was an Initiate of Gozag.
             Slain by a bullfrog (7 damage)
             ... on level 4 of the Dungeon on June 28, 2022.
             The game lasted 00:29:10 (5211 turns).

CrazyMind the Sneak (Octopode Earth Elementalist)   Turns: 5211, Time: 00:29:10

Health: -1/42      AC:  1    Str:  7    XL:     7   Next: 42%
Magic:  12/12      EV: 13    Int: 19    God:    Gozag
Gold:   174        SH:  0    Dex: 13    Spells: 7/13 levels left

rFire    . . .     SeeInvis .   a - +1 dagger (speed)
rCold    . . .     Faith    .   (no shield)
rNeg     . . .     Spirit   .   (helmet restricted)
rPois    .         Reflect  .   (no amulet)
rElec    .         Harm     .   (no ring)
rCorr    .         Rampage  .   (no ring)
Will     .....                  (no ring)
Stlth    ++++......             (no ring)
HPRegen  0.14/turn              (no ring)
MPRegen  0.13/turn              (no ring)
                                (no ring)
                                (no ring)

@: no status effects
A: almost no armour, amphibious, 8 rings, camouflage 1, gelatinous body 1,
(nimble swimmer 1), tentacles
a: Renounce Religion, Potion Petition, Call Merchant, Bribe Branch


You were on level 4 of the Dungeon.
You worshipped Gozag.
Gozag was aware of your devotion.
You visited 2 branches of the dungeon, and saw 6 of its levels.

You collected 250 gold pieces.
You paid 76 gold pieces to Gozag.

Inventory:

Hand Weapons
 a - a +1 dagger of speed (weapon)
 p - a +1 dagger of venom
 v - the +2 hand crossbow "Plog" {venom, +Blink rF+ rN+ Dex-5}
   (You found it on level 4 of the Dungeon)

   Any ammunition fired from it poisons the flesh of those it strikes.
   Dex:       It affects your dexterity (-5).
   rF:        It protects you from fire.
   rN:        It protects you from negative energy.
   +Blink:    It lets you blink.
Missiles
 b - 27 stones
 g - 16 poisoned darts
 m - 7 boomerangs
Jewellery
 f - an amulet of faith
Wands
 u - a wand of acid (8)
Scrolls
 c - a scroll of amnesia
 h - a scroll of torment {unknown}
 j - a scroll of immolation {unknown}
 l - 2 scrolls of enchant armour
 n - a scroll of teleportation
 o - a scroll of fear {unknown}
 r - a scroll of noise {unknown}
 s - a scroll of vulnerability {unknown}
 t - a scroll of magic mapping {unknown}
Potions
 d - a potion of attraction {unknown}
 e - 2 potions of brilliance
 i - a potion of magic
 k - a potion of flight {unknown}
 q - a potion of might {unknown}


   Skills:
 + Level 0.9 Fighting
 + Level 2.6 Dodging
 + Level 6.1 Stealth
 + Level 3.7 Spellcasting
 * Level 2.6 Conjurations
 - Level 1.0 Transmutations
 * Level 5.2 Earth Magic


You had 7 spell levels left.
You knew the following spells:

 Your Spells              Type           Power      Damage    Failure   Level
a - Sandblast             Erth           46%        2d11      1%          1
b - Passwall              Tmut/Erth      12%        N/A       6%          2
c - Stone Arrow           Conj/Erth      36%        3d9       9%          3

Your spell library contained the following spells:

 Spells                   Type           Power      Damage    Failure   Level
 Animate Skeleton         Necr           6%         N/A       14%         1
 Apportation              Tloc           6%         N/A       14%         1
 Corona                   Hex            3%         N/A       14%         1
 Summon Small Mammal      Summ           12%        N/A       14%         1
 Blink                    Tloc           N/A        N/A       22%         2
 Petrify                  Tmut/Erth      15%        N/A       36%         4
 Manifold Assault         Tloc           3%         N/A       98%         5
 Storm Form               Tmut/Air       2%         N/A       100%        7


Dungeon Overview and Level Annotations

Branches:
Dungeon (5/15)             Temple (1/1) D:4

Altars:
Ashenzari
Cheibriados
Dithmenos
Elyvilon
Gozag
Makhleb
Nemelex Xobeh
Okawaru
Sif Muna
Trog
Uskayaw
Vehumet
Xom
Yredelemnul
Zin
The Shining One

Annotations:
D:3 exclusion: ice beast
D:4 2 runed translucent doors, exclusions: water moccasin and 5 more exclusions, Menkaure


Innate Abilities, Weirdness & Mutations

You cannot wear most types of armour.
You are amphibious.
You can wear up to eight rings at the same time.
Your skin changes colour to match your surroundings (Stealth+).
Your rubbery body absorbs attacks. (AC +1, EV +1)
((You are camouflaged near water. (Stealth+)))
You have tentacles for arms and can constrict up to eight enemies at once.


Message History

Confirm with . or Enter, or press ? or * to list all spells.
Aiming: Sandblast (safe; 1% risk of failure)
Press: ? - help, Shift-Dir - straight line, f - bullfrog
Aim: a bullfrog (76% to hit)
The blast of sand hits the bullfrog.
The bullfrog is moderately wounded.
The bullfrog hits you. The centaur hits you. The centaur kicks you.
The bullfrog hits you. The centaur barely misses you. The centaur kicks you.
Casting: Sandblast (safe; 1% risk of failure)
Confirm with . or Enter, or press ? or * to list all spells.
Aiming: Sandblast (safe; 1% risk of failure)
Press: ? - help, Shift-Dir - straight line, f/p - bullfrog
Aim: a bullfrog (moderately wounded, 76% to hit)
The blast of sand hits the bullfrog!
The bullfrog is severely wounded.
The bullfrog barely misses you. The centaur hits you.
* * * LOW HITPOINT WARNING * * *
The centaur completely misses you.
Casting: Sandblast (safe; 1% risk of failure)
Confirm with . or Enter, or press ? or * to list all spells.
Aiming: Sandblast (safe; 1% risk of failure)
Press: ? - help, Shift-Dir - straight line, f/p - bullfrog
Aim: a bullfrog (severely wounded, 76% to hit)
The blast of sand misses the bullfrog.
The bullfrog completely misses you. The centaur hits you.
* * * LOW HITPOINT WARNING * * *
The centaur completely misses you.
The bullfrog hits you but does no damage.
The centaur hits you.
* * * LOW HITPOINT WARNING * * *
The centaur kicks you.
* * * LOW HITPOINT WARNING * * *
Press: ? - help, v - describe, . - travel
Here: a centaur, quivering arrows (lightly wounded)
The floor.
Unknown command.
It was a potion of magic.
Magic courses through your body. The bullfrog hits you!
You die...
Your body crumbles into a pile of gold.

.....##...# #.# #.##.#
#.........# #.###### #.##.#
.....##...# ##.>....###.##.#
#.#..##.#.####...........##.#
#.#..##.#........######..##.#
#.#..##.##...##.##8))8##.##.#
#.#..##.#######.#8....8#.##.#
#..##.# #.'F.....+.##.# #
#..##.# ####.@c.....+.##.#
#.#..##.## #....#8....8#..#.##
........# #.##.##8)$8##.##..#
#...P....###.....######......#
#..####...#..###'# #'###..#
#..#[.).....##...######.#.##.#
#..#.)#..#..#.#.##)##.##.#.#.#
#..####..#..#.##.#.##..###.#.#
...P.....#..#.#)##.####..#.#.#


You could see a bullfrog and a centaur.

Vanquished Creatures
  A phantom (D:4)
  A bullfrog (D:4)
  A wyvern zombie (D:5)
  A killer bee (D:4)
  A centaur zombie (D:4)
  A hound (D:4)
  An orc priest (D:5)
  An iguana (D:4)
  Natasha (D:3)
  An orc wizard (D:4)
  2 hound skeletons (D:4)
  5 adders
  An adder skeleton (D:4)
  2 worms (D:4)
  A dart slug (D:1)
  10 orcs
  9 ball pythons
  6 bats
  10 endoplasms
  3 giant cockroaches
  9 goblins
  14 hobgoblins
  2 jackals (D:3)
  3 quokkas
  3 frilled lizards
  8 kobolds
  4 rats
102 creatures vanquished.

Vanquished Creatures (others)
  An ice beast (D:3)
1 creature vanquished.

Grand Total: 103 creatures vanquished

Notes
Turn   | Place    | Note
-------+----------+-------------------------------------------
     0 | D:1      | CrazyMind the Octopode Earth Elementalist began the quest
                  | for the Orb.
     0 | D:1      | Reached XP level 1. HP: 11/11 MP: 3/3
     0 | D:1      | Noticed a demigod
     0 | D:1      | Noticed a vine stalker
     5 | D:1      | Noticed a demonspawn
     9 | D:1      | Noticed a naga
    11 | D:1      | Noticed an octopode
    11 | D:1      | Noticed a merfolk
    15 | D:1      | Noticed a ghoul
    15 | D:1      | Noticed a dwarf
    17 | D:1      | Noticed a demigod
    17 | D:1      | Noticed a minotaur
    19 | D:1      | Noticed a demonspawn
   230 | D:1      | Reached XP level 2. HP: 10/17 MP: 3/5
   277 | D:1      | Learned a level 2 spell: Passwall
   465 | D:1      | Found a faded altar of an unknown god.
   736 | D:1      | Reached XP level 3. HP: 14/21 MP: 4/6
   850 | D:1      | Reached skill level 3 in Stealth
  1710 | D:2      | Reached XP level 4. HP: 27/27 MP: 7/7
  1806 | D:2      | You fall into a shaft and drop 2 floors!
  2104 | D:2      | Reached skill level 4 in Stealth
  2150 | D:3      | Noticed an ice beast
  2228 | D:3      | Killed an ice beast
  2569 | D:3      | Noticed Natasha
  2579 | D:3      | Killed Natasha
  2580 | D:3      | Reached XP level 5. HP: 7/32 MP: 1/8
  3015 | D:4      | Found a staircase to the Ecumenical Temple.
  3018 | D:4      | Reached skill level 1 in Conjurations
  3044 | Temple   | Entered the Ecumenical Temple
  3403 | D:4      | Found a large runed translucent door.
  3404 | D:4      | Found a large runed translucent door.
  3406 | D:4      | Found a large runed translucent door.
  3406 | D:4      | Found a large runed translucent door.
  3440 | D:4      | Reached skill level 5 in Stealth
  3440 | D:4      | Reached XP level 6. HP: 28/37 MP: 4/10
  3448 | D:4      | Learned a level 3 spell: Stone Arrow
  3556 | D:4      | Noticed Menkaure
  4064 | D:4      | Noticed a water moccasin
  4114 | D:5      | Entered Level 5 of the Dungeon
  4604 | D:4      | Found an opulent altar of Gozag.
  4608 | D:4      | Became a worshipper of Gozag Ym Sagoz the Greedy
  4760 | D:4      | Reached XP level 7. HP: 23/42 MP: 3/11
  4965 | D:4      | Reached skill level 6 in Stealth
  4965 | D:4      | Reached skill level 5 in Earth Magic
  5060 | D:4      | Identified the +2 hand crossbow "Plog" {venom, +Blink rF+
                  | rN+ Dex-5}
  5211 | D:4      | Slain by a bullfrog

Illustrated notes

Levels and vault maps discovered:
D:1:      shiori_arrival_whats_in_store_for_you, layout_basic,
          ebering_ecumenical_altar_box, minmay_tromino_v4_b
D:2:      layout_basic
D:3:      layout_basic, solitary_fountain, minmay_misc_feat_rows,
          lemuel_old_faithful, uniq_natasha
D:4:      minmay_evil_eye, layout_basic, mainiacjoe_overflow_alcove_4,
          temple_statues, corexii_shack, minmay_hollow_rounded_squares,
          uniq_menkaure
D:5:      layout_cave_pools, nicolae_wu_jian_glorious_leap
Temple:   regret_index_temple_waves

Skill      XL: |  1  2  3  4  5  6  7 |
---------------+----------------------+-----
Stealth        | 3 4 5 6 |  6.1
Earth Magic    | 4 5 |  5.2
Conjurations   | 1 2 |  2.6
Spellcasting   | 3 |  3.7
Fighting       | |  0.9
Dodging        | |  2.6
Transmutations | |  1.0

Action                   |  1- 3 |  4- 6 |  7- 9 || total
-------------------------+-------+-------+-------++-------
Melee: Unarmed           |    14 |       |       ||    14
       Constrict         |    12 |    18 |     1 ||    31
       Tentacles         |     6 |    12 |     1 ||    19
       Dagger            |    44 |    94 |    15 ||   153
 Cast: Sandblast         |    17 |    38 |    16 ||    71
       Stone Arrow       |       |     2 |       ||     2
       Passwall          |       |     2 |       ||     2
  Use: Scroll            |       |     5 |       ||     5
       Potion            |       |     1 |     1 ||     2
 Stab: Sleeping          |    10 |    27 |     2 ||    39
       Distracted        |     1 |       |       ||     1
Armor: Skin              |    11 |     4 |     1 ||    16
Dodge: Dodged            |    35 |    56 |    20 ||   111
